 Dungeon Crawl Stone Soup version 0.28.0 (webtiles) character file.

Game seed: 8496762157630348774

4507 croobank the Covert (level 10, -15/58 HPs)
             Began as an Octopode Delver on Feb 16, 2022.
             Was a Believer of Hepliaklqana.
             Killed by the air
             ... invoked by Gastronok
              (27 damage)
             ... on level 1 of the Lair of Beasts.
             The game lasted 00:40:47 (7135 turns).

croobank the Covert (Octopode Delver)               Turns: 7135, Time: 00:40:48

Health: -15/58     AC:  5    Str: 14    XL:     10   Next: 39%
Magic:  13/17      EV: 20    Int: 22    God:    Hepliaklqana [**....]
Gold:   620        SH:  0    Dex: 16    Spells: 13/19 levels left

rFire   + + .      SeeInvis +   j - +6 quarterstaff of Pyromania {freeze, Dex+2}
rCold   x . .      Faith    .   (shield currently unavailable)
rNeg    + + .      Spirit   .   (helmet restricted)
rPois   .          Reflect  .   n - amulet of regeneration
rElec   .          Harm     .   h - ring of see invisible
rCorr   .          Rampage  .   s - ring of fire
Will    +....                   q - ring of Uron {rF+ EV+4 Int+8 Stlth+}
Stlth   +++++++...              y - ring of positive energy
HPRegen 0.99/turn               C - +4 ring of protection
MPRegen 0.15/turn               D - ring of willpower
                                L - ring of positive energy
                                (no ring)

@: confusing by touch, slowed, very slow
A: reduced essence, almost no armour, amphibious, 8 rings, camouflage 1,
gelatinous body 1, (nimble swimmer 1), tentacles
a: Renounce Religion, Recall Ancestor, Ancestor Identity


You were on level 1 of the Lair of Beasts.
You worshipped Hepliaklqana.
Hepliaklqana was pleased with you.
You visited 3 branches of the dungeon, and saw 10 of its levels.
You also visited: Ossuary.

You collected 620 gold pieces.

Inventory:

Hand Weapons
 a - a +0 hand axe
 b - a +0 hunting sling
 e - a +3 short sword
 j - the +6 quarterstaff of Pyromania (weapon) {freeze, Dex+2}
   (You found it on level 4 of the Dungeon)

   It freezes those it strikes, dealing additional cold damage.
   It can also slow down cold-blooded creatures.
   Dex:       It affects your dexterity (+2).
 t - a +0 arbalest
 x - a +1 flail of holy wrath
 M - a +2 vorpal falchion
 N - a +2 spear of freezing
Missiles
 c - 26 sling bullets
 m - 194 stones
 o - 132 arrows
 r - 2 throwing nets
 v - 141 bolts
 z - 2 datura-tipped darts
Magical Staves
 l - a staff of conjuration
Jewellery
 h - a ring of see invisible (left tentacle)
 n - an amulet of regeneration (around mantle)
 q - the ring of Uron (on tentacle) {rF+ EV+4 Int+8 Stlth+}
   (You acquired it on level 3 of the Dungeon)

   [ring of evasion]

   EV:        It affects your evasion (+4).
   Int:       It affects your intelligence (+8).
   rF:        It protects you from fire.
   Stlth:     It makes you more stealthy.
 s - a ring of fire (right tentacle)
 y - a ring of positive energy (on tentacle)
 C - a +4 ring of protection (on tentacle)
 D - a ring of willpower (on tentacle)
 L - a ring of positive energy (on tentacle)
Wands
 f - a wand of digging (3)
 E - a wand of acid (10)
Scrolls
 i - 4 scrolls of immolation
 p - 2 scrolls of fog
 w - a scroll of teleportation
 G - 2 scrolls of enchant weapon {unknown}
 J - a scroll of blinking {unknown}
 K - 2 scrolls of noise {unknown}
Potions
 d - 4 potions of flight
 g - a potion of heal wounds
 k - 2 potions of might {unknown}
 u - 4 potions of curing
 A - a potion of attraction {unknown}
 F - a potion of berserk rage {unknown}
 H - a potion of magic {unknown}
 I - 2 potions of brilliance {unknown}


   Skills:
 - Level 4.4 Fighting
 - Level 3.8 Axes
 + Level 5.7 Staves
 + Level 7.0 Dodging
 + Level 11.7 Stealth
 + Level 5.2 Spellcasting
 + Level 5.7 Hexes


You had 13 spell levels left.
You knew the following spells:

 Your Spells              Type           Power      Damage    Failure   Level
a - Slow                  Hex            100%       N/A       1%          1
b - Confusing Touch       Hex            31%        N/A       2%          3
c - Poisonous Vapours     Pois/Air       10%        N/A       16%         2

Your spell library contained the following spells:

 Spells                   Type           Power      Damage    Failure   Level
 Corpse Rot               Necr/Air       10%        N/A       16%         2
 Ozocubu's Armour         Ice            5%         N/A       30%         3
 Vampiric Draining        Necr           5%         2d6       30%         3
 Fireball                 Conj/Fire      4%         3d4       95%         5
 Iskenderun's Battlesphe  Conj           5%         2d6       95%         5
 Conjure Ball Lightning   Conj/Air       2%         3x3d6     100%        6
 Orb of Destruction       Conj           2%         9d5       100%        7
 Ozocubu's Refrigeration  Ice            2%         4d5       100%        7


Dungeon Overview and Level Annotations

Branches:
Dungeon (8/15)             Temple (1/1) D:5            Lair (1/6) D:8
Ossuary (visited)

Altars:
Ashenzari
Cheibriados
Dithmenos
Elyvilon
Fedhas
Gozag
Hepliaklqana
Kikubaaqudgha
Makhleb
Nemelex Xobeh
Okawaru
Qazlal
Ru
Sif Muna
Trog
Uskayaw
Wu Jian
Xom
Yredelemnul
Zin
The Shining One

Annotations:
Lair:1 Gastronok


Innate Abilities, Weirdness & Mutations

Your life essence is reduced to manifest your ancestor. (-10% HP)
You cannot wear most types of armour.
You are amphibious.
You can wear up to eight rings at the same time.
Your skin changes colour to match your surroundings (Stealth+).
Your rubbery body absorbs attacks. (AC +1, EV +1)
((You are camouflaged when in or above water. (Stealth+)))
You have tentacles for arms and can constrict up to eight enemies at once.


Message History

Aiming: Corrosive Bolt
Press: ? - help, Shift-Dir - straight line, f - you, p - Gastronok That beam is likely to hit you.
Continue anyway?
Okay, then.
Casting: Slow (safe; 1% risk of failure)
Confirm with . or Enter, or press ? or * to list all spells.
Aiming: Poisonous Vapours (safe; 16% risk of failure)
Press: ? - help, Dir - move target, f - Gastronok
Aim: Gastronok, wearing a +0 hat Poisonous vapours surround Gastronok!
Gastronok is poisoned.
Aiming: Corrosive Bolt
Press: ? - help, Shift-Dir - straight line, f - you, p - Gastronok That beam is likely to hit you.
Continue anyway?
Okay, then.
Okay, then.
Casting: Poisonous Vapours (safe; 16% risk of failure)
Confirm with . or Enter, or press ? or * to list all spells.
Your tentacles begin to glow red.
Gastronok looks more healthy.
Gastronok casts a spell.
Gastronok puts on a burst of speed!
Gastronok looks at you while chanting.
You feel yourself slow down.
You hit Gastronok but do no damage.
You squeeze Gastronok, but do no damage.
Gastronok is lightly wounded.
You hit Gastronok but do no damage. You squeeze Gastronok.
Gastronok is lightly wounded.
Gastronok bites you!!
Ouch! That really hurt!
You hit Gastronok but do no damage. Your squeeze misses Gastronok.
Gastronok is lightly wounded.
Gastronok bites you!!
* * * LOW HITPOINT WARNING * * *
As you read the scroll of fear, it crumbles to dust.
You assume a fearsome visage.
Gastronok resists with almost no effort.
Gastronok waves his eye-stalks in wide circles.
The air twists around and strikes you!!
You die...

.# #...+.
.##.###....#
..........P#
...........###
..........#..#P
.................
.........w.......
.........@.......
#...#####........
#.#.# ##...#+P##
##.#.####.........
#.................
##.....##....#....
#.....###...#....
#.....P##...# ...
#...........# ..


You could see Gastronok (swift).

Vanquished Creatures
  A manticore (D:7)
  Prince Ribbit (D:6)
  A hornet (D:7)
  Sigmund (D:5)
  Eustachio (D:5)
  A wyvern (D:8)
  Edmund (D:5)
  An orc warrior (D:5)
  3 sky beasts
  3 necrophages
  2 ogres
  2 ice beasts
  A gnoll sergeant (D:8)
  2 bullfrogs
  A scorpion (D:6)
  A water moccasin zombie (D:5)
  2 wights (D:8)
  2 howler monkeys
  2 bullfrog zombies
  4 hounds
  2 gnoll shamans
  An orc priest (D:6)
  2 bullfrog skeletons
  4 iguanas
  An orc wizard (D:6)
  A hell rat (D:8)
  8 mummies (Ossuary)
  8 gnolls
  A river rat (D:8)
  7 adders
  2 worms
  2 dart slugs
  11 orcs
  6 bats
  4 endoplasms
  A giant cockroach (D:4)
  3 goblins
  3 hobgoblins
  4 jackals (D:2)
  10 kobolds
  3 quokkas
  3 ball pythons
  A frilled lizard (D:1)
  2 gnoll zombies (Ossuary)
  A hobgoblin zombie (Ossuary)
  3 orc zombies (Ossuary)
  4 rats
131 creatures vanquished.

Vanquished Creatures (collateral kills)
  A death yak (D:8)
  A sky beast (D:7)
  A black bear (D:8)
  A kobold brigand (D:8)
  2 wights (D:8)
  A river rat (D:8)
  2 gnoll zombies (Ossuary)
  A kobold (D:8)
  A quokka (D:8)
  A rat (D:8)
12 creatures vanquished.

Vanquished Creatures (others)
  An ancestor (D:8)
  A battlemage (D:8)
  3 fungi (D:1)
  2 plants (D:1)
7 creatures vanquished.

Grand Total: 150 creatures vanquished

Notes
Turn   | Place    | Note
-------+----------+-------------------------------------------
     0 | D:5      | croobank the Octopode Delver began the quest for the Orb.
     0 | D:5      | Reached XP level 1. HP: 16/16 MP: 1/1
    45 | D:5      | Noticed Sigmund
    95 | D:5      | Noticed Eustachio
   171 | D:4      | Reached XP level 2. HP: 17/21 MP: 2/2
   312 | D:3      | Reached XP level 3. HP: 26/26 MP: 3/3
   944 | D:1      | Reached skill level 7 in Stealth
  1381 | D:1      | Found a faded altar of an unknown god.
  1757 | D:2      | Learned a level 1 spell: Slow
  1795 | D:2      | Reached XP level 4. HP: 31/31 MP: 4/4
  2216 | D:3      | Reached XP level 5. HP: 34/37 MP: 5/5
  2281 | D:3      | Identified a scroll of acquirement
  2282 | D:3      | Acquired the ring of Uron {rF+ EV+4 Int+8 Stlth+}
  3310 | D:5      | Reached XP level 6. HP: 40/43 MP: 6/6
  3480 | D:4      | Noticed a necrophage
  3496 | D:4      | Killed a necrophage
  3497 | D:4      | Reached skill level 8 in Stealth
  3618 | D:4      | Identified the +6 quarterstaff of Pyromania {freeze, Dex+2}
  3967 | D:5      | Found a staircase to the Ecumenical Temple.
  3976 | Temple   | Entered the Ecumenical Temple
  3990 | Temple   | Became a worshipper of Hepliaklqana the Forgotten
  4418 | D:5      | Learned a level 3 spell: Confusing Touch
  4422 | D:5      | Noticed Edmund
  4430 | D:5      | Killed Edmund
  4431 | D:5      | Reached skill level 1 in Staves
  4431 | D:5      | Reached XP level 7. HP: 44/49 MP: 6/8
  4594 | D:5      | Reached skill level 1 in Hexes
  4607 | D:5      | Reached skill level 1 in Spellcasting
  4736 | D:6      | Noticed Prince Ribbit
  4737 | D:6      | You fall into a shaft and drop 2 floors!
  4765 | D:8      | Noticed a death yak
  4769 | D:8      | Noticed a death yak
  4998 | D:6      | Reached skill level 9 in Stealth
  4998 | D:6      | Reached XP level 8. HP: 37/54 MP: 9/11
  5001 | D:6      | Killed Prince Ribbit
  5074 | D:6      | Reached skill level 5 in Dodging
  5213 | D:6      | Reached * piety under Hepliaklqana
  5213 | D:6      | Found a sand-covered staircase.
  5221 | Ossuary  | Entered an ossuary
  5289 | Ossuary  | Reached XP level 9. HP: 36/53 MP: 13/13
  5297 | Ossuary  | Reached skill level 10 in Stealth
  5639 | D:7      | Noticed a hornet
  5642 | D:7      | Paralysed by a hornet for 1 turns
  5643 | D:7      | Killed a hornet
  5832 | D:7      | Noticed a manticore
  5850 | D:7      | Killed a manticore
  6219 | D:5      | Reached skill level 11 in Stealth
  6296 | D:5      | Killed Sigmund
  6297 | D:5      | Reached skill level 5 in Staves
  6297 | D:5      | Reached skill level 5 in Hexes
  6303 | D:5      | Killed Eustachio
  6304 | D:5      | Reached XP level 10. HP: 56/58 MP: 13/17
  6634 | D:8      | Noticed a death yak
  6747 | D:8      | Reached ** piety under Hepliaklqana
  6755 | D:8      | Remembered your ancestor Tihomir as a battlemage
  6809 | D:8      | Reached skill level 5 in Spellcasting
  6830 | D:8      | Found a staircase to the Lair.
  7080 | D:8      | Killed a death yak
  7081 | Lair:1   | Entered Level 1 of the Lair of Beasts
  7085 | Lair:1   | Learned a level 2 spell: Poisonous Vapours
  7121 | Lair:1   | Noticed Gastronok
  7135 | Lair:1   | Killed from afar by Gastronok

Illustrated notes

Levels and vault maps discovered:
D:1:      wheals_arrival_linesprint, layout_basic,
          shapermc_ecumenical_altar_mp_ritualfount, chequers_mini_garden
D:2:      minmay_alternating_diamond, layout_rooms
D:3:      layout_basic
D:4:      layout_loops_ring
D:5:      layout_gridville, minmay_temple_entry_waves, minmay_circle_x,
          uniq_eustachio, uniq_sigmund, uniq_edmund
D:6:      layout_rooms, nicolae_ossuary_entry_plus, corner_web_ring,
          uniq_prince_ribbit1
D:7:      layout_loops_ring
D:8:      layout_cave_pools, dpeg_lair_monsters
Temple:   nicolae_temple_the_god_donut
Lair:1:   layout_regular_city, patterned_corridor, uniq_gastronok

Skill      XL: |  1  2  3  4  5  6  7  8  9 10 |
---------------+-------------------------------+-----
Stealth        | 7 8 9 11 | 11.7
Axes           | 3 |  3.8
Dodging        | 3 4 5 6 7 |  7.0
Fighting       | 4 |  4.4
Staves         | 1 2 3 5 |  5.7
Hexes          | 2 3 5 |  5.7
Spellcasting   | 2 3 4 5 |  5.2

Action                   |  1- 3 |  4- 6 |  7- 9 | 10-12 || total
-------------------------+-------+-------+-------+-------++-------
Melee: Hand axe          |    63 |    77 |       |       ||   140
       Constrict         |    18 |    18 |    41 |     9 ||    86
       Tentacles         |    14 |    21 |    41 |    13 ||    89
       Punch             |     1 |     1 |     5 |       ||     7
       Quarterstaff      |       |     5 |   153 |    55 ||   213
 Cast: Slow              |       |    10 |     2 |    10 ||    22
       Confusing Touch   |       |       |     1 |     4 ||     5
       Poisonous Vapours |       |       |       |     1 ||     1
Invok: Recall Ancestor   |       |       |       |     1 ||     1
       Ancestor Life: Ba |       |       |       |     1 ||     1
Evoke: Wand              |       |       |       |     1 ||     1
  Use: Scroll            |     6 |     4 |     1 |     5 ||    16
       Potion            |       |     2 |     2 |     2 ||     6
 Stab: Sleeping          |    19 |     8 |     9 |     4 ||    40
       Distracted        |       |     1 |     3 |       ||     4
       Invisible         |       |     1 |       |       ||     1
       Confused          |       |       |       |     1 ||     1
Armor: Skin              |     6 |       |    19 |     7 ||    32
Dodge: Dodged            |    32 |    57 |   113 |    43 ||   245
